 Dungeon Crawl Stone Soup version 0.17-a0-1711-gc5340a3 (webtiles) character file.

20 kae the Firebug (level 2, -1/15 HPs)
             Began as a Tengu Fire Elementalist on Aug 22, 2015.
             Slain by Terence
             ... wielding a +1 mace of draining
              (8 damage)
             ... on level 2 of the Dungeon.
             The game lasted 00:01:23 (1024 turns).

kae the Firebug (Tengu Fire Elementalist)           Turns: 1024, Time: 00:01:24

Health: -1/15      AC:  2    Str:  8    XL:     2   Next: 79%
Magic:  3/6        EV: 12    Int: 15    God:
Gold:   71         SH:  0    Dex: 14    Spells: 1 memorised, 4 levels left

rFire  . . .     SeeInvis .     (no weapon)
rCold  . . .     Clarity  .     a - +0 robe
rNeg   . . .     SustAt   .     (no shield)
rPois  .         Gourm    .     (helmet restricted)
rElec  .         Spirit   .     (no cloak)
rCorr  .         Warding  .     (no gloves)
rMut   .         Stasis   .     (boots unavailable)
MR     .....                    (no amulet)
Stlth  ++........               (no ring)
                                (no ring)

@: drained, not resistant to hostile enchantments, unstealthy
A: beak, talons 3
a: no special abilities


You were on level 2 of the Dungeon.
You were very hungry.

You visited 1 branch of the dungeon, and saw 2 of its levels.

You collected 71 gold pieces.

Inventory:

Armour
 a - a +0 robe (worn)
Scrolls
 d - a scroll of identify {unknown}
 e - 2 scrolls of enchant weapon {unknown}
 f - a scroll of amnesia {unknown}
 h - a scroll of magic mapping {unknown}
Books
 b - a book of Flames

   Spells                             Type                      Level
   a - Flame Tongue                   Conjuration/Fire             1
   b - Throw Flame                    Conjuration/Fire             2
   c - Conjure Flame                  Conjuration/Fire             3
   d - Inner Flame                    Hexes/Fire                   3
   e - Sticky Flame                   Conjuration/Fire             4
   f - Fireball                       Conjuration/Fire             5
Comestibles
 c - a bread ration
 g - a beef jerky


   Skills:
 - Level 2.1(1.6) Dodging
 - Level 2.0(1.4) Stealth
 - Level 2.0(1.4) Spellcasting
 - Level 1.3(0.8) Conjurations
 + Level 4.3(3.8) Fire Magic


You had 4 spell levels left.
You knew the following spells:

 Your Spells              Type           Power        Failure   Level  Hunger
a - Flame Tongue          Conj/Fire      #....        12%         1    ##.....


Dungeon Overview and Level Annotations

Branches:
Dungeon (2/15)

Altars:

Annotations:
D:2 Terence


Innate Abilities, Weirdness & Mutations

You have a beak for a mouth.
You have claws for feet.


Message History

You are feeling very hungry.
You see here 7 javelins.
Casting: Flame Tongue
Confirm with . or Enter, or press ? or * to list all spells.
Aiming: Flame Tongue
Press: ? - help, Shift-Dir - straight line, f/p - Terence
Aim: Terence, wielding a mace of draining and wearing a scale mail (heavily wounded)
The flame tongue hits Terence.
Terence is heavily wounded.
Terence hits you with a mace of draining!
You feel drained.
Casting: Flame Tongue
Confirm with . or Enter, or press ? or * to list all spells.
Aiming: Flame Tongue
Press: ? - help, Shift-Dir - straight line, f/p - Terence
Aim: Terence, wielding a mace of draining and wearing a scale mail (heavily wounded)
The flame tongue misses Terence.
Terence hits you with a mace of draining!
Ouch! That really hurt!
You die...

#.#.####.#.# .#...#
#.#.####.#.## ..$.
..#.........# ###.####
#.#######...# #......# #.#
#...#######.#.##># #.#
#.........(.♣.♣
#.#######...###.#.#.#....#
#.##............@.#.♣...♣#
#...............@...#.....
.>.#................♣.♣.♣?#
##.######.♣.♣.............#
......# #...###........####
.#.##.# #.♣.♣ ####.###...
.#.# # #...# ### .### ...#
# ♣.♣ . .##♣ .. # .#


You could see Terence.

Vanquished Creatures
  A ball python (D:2)
  2 giant cockroaches (D:1)
  2 hobgoblins (D:1)
  3 bats
  2 giant geckos (D:2)
  2 giant newts
  4 kobolds (D:1)
  5 rats
21 creatures vanquished.

Notes
Turn   | Place    | Note
--------------------------------------------------------------
     0 | D:1      | kae the Tengu Fire Elementalist began the quest for the Orb.
     0 | D:1      | Reached XP level 1. HP: 10/10 MP: 4/4
   406 | D:1      | Reached XP level 2. HP: 15/15 MP: 4/6
   510 | D:1      | Reached skill level 4 in Fire Magic
   936 | D:2      | Noticed Terence
  1024 | D:2      | Slain by Terence

Vault maps used:
D:1:      dpeg_arrival_more_subterranean_lakeside_camping
D:2:      serial_forest, infiniplex_forest_lined_room_,
          infiniplex_forest_lined_room_, infiniplex_forest_lined_room_2,
          infiniplex_forest_lined_3, infiniplex_forest_clump_diagonal,
          infiniplex_forest_lined_corner, infiniplex_forest_lined_ring,
          uniq_terence

Action                   || total
-------------------------++-------
Melee: Unarmed           ||    18
 Cast: Flame Tongue      ||    37
